 Dungeon Crawl Stone Soup version 0.26-a0-466-g989023bd0d (webtiles) character file.

Game seed: 17589010007560278539

531454 Inarius the Conqueror (level 26, -11/471 HPs)
             Began as an Ogre Berserker on July 31, 2020.
             Was the Champion of Trog.
             Mangled by a caustic shrike (15 damage)
             ... on level 4 of the Depths on Aug 3, 2020.
             The game lasted 02:12:26 (67272 turns).

Inarius the Conqueror (Ogre Berserker)             Turns: 67272, Time: 02:12:26

Health: -11/471    AC: 16    Str: 51      XL:     26   Next: 23%
Magic:  0/28       EV: 18    Int:  2 (4)  God:    Trog [******]
Gold:   3463       SH:  5    Dex:  8      Spells: 25/25 levels left

rFire    . . .     SeeInvis +   a - +3 giant club "Skullcrusher" {speed, Str+7}
rCold    . . .     Faith    .   (shield currently unavailable)
rNeg     . . .     Spirit   +   S - +4 moon troll leather armour {Spirit, Regen++ MP+5}
rPois    .         Reflect  +   I - +2 hat {MR+}
rElec    .         Harm     .   U - +2 cloak {rCorr}
rCorr    +                      (gloves unavailable)
MR       +++..                  (boots unavailable)
Stlth    ..........             E - amulet of reflection (curse)
HPRegen  1.68/turn              L - ring of Gona {Str+8 Int-4 SInv}
MPRegen  0.21/turn              m - +4 ring of evasion

@: berserking (expiring), heavily drained, very quick
A: large, unfitting armour, tough skin 1
}: 2/15 runes: serpentine, barnacled
a: Berserk, Trog's Hand, Brothers in Arms, Renounce Religion


You were on level 4 of the Depths.
You worshipped Trog.
Trog was exalted by your worship.
You visited 8 branches of the dungeon, and saw 42 of its levels.
You visited the Abyss 1 time.
You visited 1 bazaar.
You also visited: Bailey, Volcano and Wizlab.

You collected 6796 gold pieces.
You spent 3333 gold pieces at shops.

Inventory:

Hand Weapons
 a - the +3 giant club "Skullcrusher" (weapon) {speed, Str+7}
   (You bought it in a shop on level 1 of the Orcish Mines)

   Attacks with this weapon are significantly faster.
   It affects your strength (+7).
 b - the +7 great mace "Undeadhunter" {disrupt, rN+}
   (You found it on level 2 of the Snake Pit)

   It protects you from negative energy.
 d - a +6 great mace of flaming
 y - a +3 vorpal eveningstar
 D - the +13 dire flail of Excruciating Pain {antimagic, *Corrode MR+ Str+2}
   (Trog gifted it to you on level 3 of the Vaults)

   It reduces the magical energy of the wielder, and disrupts the spells and
   magical abilities of those hit.
   Natural abilities and divine invocations are not affected.
   It affects your strength (+2).
   It affects your resistance to hostile enchantments.
   It may corrode you when you take damage.
 X - a +6 antimagic demon whip
Armour
 e - +5 pearl dragon scales
 g - a +0 tower shield
 u - the +0 hat of Zin's Reproof {rC+ Regen+}
   (You acquired it on level 11 of the Dungeon)

   It protects you from cold.
   It increases your rate of regeneration.
 I - a +2 hat of magic resistance (worn)
 S - the +4 moon troll leather armour (worn) {Spirit, Regen++ MP+5}
   (You found it on level 15 of the Dungeon)

   It affects your magic capacity (+5).
   It increases your rate of regeneration.
 U - a +2 cloak of preservation (worn)
Jewellery
 m - a +4 ring of evasion (right hand)
 q - an uncursed ring of protection from cold
 E - a cursed amulet of reflection (around neck)
 K - an uncursed ring of protection from fire
 L - the ring of Gona (left hand) {Str+8 Int-4 SInv}
   (You found it on level 15 of the Dungeon)

   [ring of see invisible]

   It affects your strength (+8).
   It affects your intelligence (-4).
   It lets you see invisible.
 Q - the ring "Caoprigh" {rPois rN+}
   (You found it on level 1 of the Depths)

   [ring of positive energy]

   It protects you from poison.
   It protects you from negative energy.
Wands
 i - a wand of digging (12)
 s - a wand of disintegration (62)
 v - a wand of clouds (2)
 A - a wand of enslavement (30)
 H - a wand of acid (16)
 M - a wand of iceblast (31)
 N - a wand of paralysis (44)
Scrolls
 h - 22 scrolls of remove curse
 o - a scroll of immolation
 r - 11 scrolls of teleportation
 B - 9 scrolls of fog
 F - 17 scrolls of identify
 G - 4 scrolls of enchant armour
 O - 2 scrolls of blinking
 T - 5 scrolls of fear
 Y - 2 scrolls of magic mapping
 Z - a scroll of summoning
Potions
 j - 9 potions of flight
 k - 8 potions of berserk rage
 l - 19 potions of curing
 p - 11 potions of heal wounds
 t - 5 potions of magic
 w - 5 potions of resistance
 z - 3 potions of cancellation
 C - 4 potions of mutation
 P - 4 potions of ambrosia
 R - 4 potions of haste
 W - 4 potions of might
Books
 J - a manual of Fighting
Miscellaneous
 c - a box of beasts
 f - 4 phantom mirrors
 n - a phial of floods
 x - a tin of tremorstones (3/3)
 V - a lightning rod (4/4)


   Skills:
 O Level 27(25.0) Fighting
 - Level 24.0(22.1) Maces & Flails
 + Level 1.9(0.8) Throwing
 + Level 10.6(9.2) Armour
 + Level 12.7(11.3) Dodging
 * Level 14.8(13.2) Shields
 + Level 10.5(9.1) Evocations


You had 25 spell levels left.
You didn't know any spells.
Your spell library contained the following spells:

 Spells                   Type           Power        Failure   Level
 Corona                   Hex            #......      56%         1
 Freeze                   Ice            #...         56%         1
 Magic Dart               Conj           #...         56%         1
 Shock                    Conj/Air       #...         56%         1
 Blink                    Tloc           N/A          71%         2
 Call Imp                 Summ           #.......     71%         2
 Corpse Rot               Necr/Air       N/A          71%         2
 Ensorcelled Hibernation  Hex/Ice        #.....       71%         2
 Poisonous Vapours        Pois/Air       #.....       71%         2
 Slow                     Hex            #.......     71%         2
 Sublimation of Blood     Necr           #.........   71%         2
 Swiftness                Air            #.......     71%         2
 Confusing Touch          Hex            #.......     90%         3
 Conjure Flame            Conj/Fire      #.......     90%         3
 Dazzling Flash           Conj/Hex       #.....       90%         3
 Frozen Ramparts          Ice            #.....       90%         3
 Gell's Gravitas          Tloc           #.........   90%         3
 Ignite Poison            Fire/Tmut/Pois #.......     90%         3
 Mephitic Cloud           Conj/Pois/Air  #.......     90%         3
 Ozocubu's Armour         Ice            #.......     90%         3
 Static Discharge         Conj/Air       #.......     90%         3
 Tukima's Dance           Hex            #.......     90%         3
 Airstrike                Air            #.........   100%        4
 Cause Fear               Hex            #.........   100%        4
 Hailstorm                Conj/Ice       #.......     100%        4
 Petrify                  Tmut/Erth      #.......     100%        4
 Summon Ice Beast         Ice/Summ       #.......     100%        4
 Alistair's Intoxication  Tmut/Pois      #........    100%        5
 Borgnjor's Vile Clutch   Necr/Erth      #.........   100%        5
 Irradiate                Conj/Tmut      #.........   100%        5
 Lightning Bolt           Conj/Air       #.........   100%        5
 Metabolic Englaciation   Hex/Ice        #.........   100%        5
 Silence                  Hex/Air        #.........   100%        5
 Yara's Violent Unravell  Hex/Tmut       #.........   100%        5
 Eringya's Noxious Bog    Tmut/Pois      #.........   100%        6
 Discord                  Hex            #.........   100%        8
 Tornado                  Air            #.........   100%        9


Dungeon Overview and Level Annotations

Branches:
Dungeon (15/15)            Temple (0/1) D:4            Lair (6/6) D:8
 Shoals (4/4) Lair:2        Snake (4/4) Lair:3        Slime (0/5) Lair:6
    Orc (2/2) D:9             Elf (3/3) Orc:2        Vaults (4/5) D:13
  Crypt (0/3) Vaults:3     Depths (4/5) D:15         Bailey (visited)
Volcano (visited)          WizLab (visited)

Altars:
Cheibriados
Dithmenos
Elyvilon
Gozag
Hepliaklqana
Kikubaaqudgha
Okawaru
Qazlal
Sif Muna
Trog
Uskayaw
Vehumet
Xom
Yredelemnul
The Shining One
Beogh
Jiyva

Shops:
D:13 (=?   Orc:1 (   Orc:2 ?(:?   Shoals:4 :   Snake:4 }==   Vaults:4 }

Portals:
Hell: Depths:1 Depths:2 Depths:3 Depths:4
Abyss: Depths:1 Depths:4
Pandemonium: Depths:3
Ziggurat: Depths:4

Annotations:
D:15 2 transporters
Elf:2 3 runed translucent doors


Innate Abilities, Weirdness & Mutations

You are too large for most types of armour.
You have tough skin. (AC +1)


Message History

You are splashed with acid.
You resist.
* * * LOW HITPOINT WARNING * * *
You barely miss the caustic shrike.
The caustic shrike is severely wounded.
The caustic shrike claws you!!!
* * * LOW HITPOINT WARNING * * *
You are splashed with acid.
You resist.
* * * LOW HITPOINT WARNING * * *
You hear a shout!
You hear a horrible gurgling sound!
You barely miss the caustic shrike.
The caustic shrike is severely wounded.
The caustic shrike claws you!
* * * LOW HITPOINT WARNING * * *
You are splashed with acid.
You resist.
* * * LOW HITPOINT WARNING * * *
Unknown command.
You closely miss the caustic shrike.
The caustic shrike is severely wounded.
The caustic shrike claws you!
You die...

#.# ...#...#.#.# #.# .........#.#
#.# ?........#.# #.# #........#.#
#.# #.....#.#.# #.# #..D..#.#
######.# #..#.#
.....#.###########.#.#
.....#..........@bi#.#
.....###############.# ####
..^..........# ##.# #..#
.............# #..# #..#
.............# #.## #..#
.............######.#######..####
.................................
....................<.....#######
############..#############♣♣♣♣♣♣


You could see a caustic shrike (berserk) and a spriggan defender.

Vanquished Creatures
  2 juggernauts
  3 caustic shrikes (Depths:3)
  Saint Roka (Depths:1)
  A golden dragon (Vaults:3)
  A bone dragon (Abyss:3)
  Jorgrun (D:12)
  A lich (Vaults:3)
  A titan (Depths:3)
  Polyphemus (Shoals:4)
  2 quicksilver dragons (Depths:2)
  Frances (D:14)
  2 tentacled starspawn (Abyss:3)
  5 shadow dragons
  Kirke (D:12)
  3 storm dragons
  3 tengu reavers (Depths:3)
  8 fire giants
  11 nagarajas
  2 iron dragons (Depths:3)
  6 frost giants
  A deep elf sorcerer (Elf:2)
  An orc warlord (D:9)
  6 vault wardens
  A deep elf elementalist (Elf:2)
  A spriggan defender (Depths:3)
  11 very ugly things
  14 ironheart preservers
  13 stone giants
  7 vampire knights
  2 entropy weavers
  Nessos (D:14)
  A deep elf demonologist (Vaults:2)
  A minotaur (Shoals:2)
  Azrael (D:14)
  3 deep elf annihilators
  6 spark wasps
  8 merfolk javelineers
  An orange crystal statue (WizLab)
  12 merfolk impalers
  13 ettins
  2 deep elf death magi
  11 fire dragons
  6 jiangshi
  7 great orbs of eyes
  3 slime creatures
  10 yaktaur captains
  5 rakshasas
  A great orb of eyes (shapeshifter) (Elf:1)
  7 hydras
  10 ice dragons
  Fannar (Lair:3)
  Harold (D:9)
  16 vault guards
  2 alligator snapping turtles (Shoals:4)
  5 catoblepae
  16 naga warriors
  14 centaur warriors
  18 anacondas
  A merfolk avatar (Shoals:4)
  A spriggan air mage (Depths:2)
  5 merfolk aquamancers
  5 death knights
  5 satyrs
  37 two-headed ogres
  7 dancing weapons
  17 ogre magi
  12 naga sharpshooters
  7 deep troll earth magi
  11 tengu warriors
  7 death yaks
  A hell hog (Volcano)
  13 deep troll shamans
  5 vampire magi
  3 thrashing horrors (Abyss:3)
  7 spriggan berserkers
  The ghost of p0werm0de the Cleaver, a novice OpFi of Gozag (D:10)
  Urug (Lair:3)
  Sonja (Lair:1)
  5 shock serpents
  12 deep elf knights
  A fire crab (Volcano)
  6 iron trolls
  2 wretched stars (Abyss:3)
  A salamander mystic (Snake:4)
  10 skeletal warriors
  11 hell knights
  5 glowing orange brains
  A shadow wraith (Vaults:3)
  11 unseen horrors
  15 sea snakes
  5 wizards
  6 large abominations
  25 deep trolls
  9 flayed ghosts
  13 starcursed masses (Abyss:3)
  2 obsidian statues
  10 ironbrand convokers
  9 deep elf archers
  A shadow dragon zombie (Vaults:4)
  11 naga ritualists
  2 phantasmal warriors (Vaults:3)
  A lindwurm (shapeshifter) (Vaults:1)
  11 mana vipers
  13 orc knights
  17 harpies
  A shadow dragon skeleton (Vaults:4)
  14 orc sorcerers
  49 deep elf magi
  6 wolf spiders
  8 necromancers
  24 fauns
  A human zombie (Vaults:4)
  16 manticores
  A moth of wrath (shapeshifter) (D:15)
  A salamander (shapeshifter) (Vaults:4)
  72 ugly things
  10 merfolk sirens
  14 cyclopes
  39 black mambas
  15 elephants
  11 salamanders
  19 guardian serpents
  7 centaur zombies
  A fire giant skeleton (Vaults:1)
  15 vault sentinels
  A black mamba (shapeshifter) (D:15)
  18 naga magi
  5 water nymphs
  5 smoke demons (Abyss:3)
  A torpor snail (Lair:2)
  An eye of devastation (Abyss:3)
  3 gargoyles
  14 cane toads
  Maggie (D:8)
  A rime drake (shapeshifter) (Vaults:2)
  A redback zombie (D:15)
  2 rime drakes
  4 kobold demonologists
  8 freezing wraiths
  6 komodo dragons
  A human skeleton (Vaults:4)
  32 yaktaurs
  10 trolls
  5 hellwings (Abyss:3)
  3 ancient zymes (Abyss:3)
  A polar bear (shapeshifter) (Elf:1)
  An efreet (D:13)
  7 meliai
  6 tengu conjurers
  A troll (shapeshifter) (Abyss:3)
  42 merfolk
  3 polar bears
  6 wind drakes
  A raiju (shapeshifter) (D:13)
  10 hippogriffs
  A blink frog (shapeshifter) (Depths:3)
  11 hornets
  A hornet (shapeshifter) (Depths:3)
  17 blink frogs
  A human simulacrum (Vaults:1)
  5 snapping turtles
  13 dream sheep
  A stone giant simulacrum (Vaults:1)
  3 frost giant simulacra
  A centaur simulacrum (D:15)
  Sigmund (D:5)
  3 shadows
  A hog (D:12)
  51 yaks
  3 air elementals
  An ettin skeleton (Vaults:1)
  29 water elementals
  6 wraiths
  A vampire (D:10)
  10 spriggans
  A tarantella (shapeshifter) (Vaults:4)
  4 wyverns
  A ynoxinul (Abyss:3)
  6 fire bats (Volcano)
  13 fire elementals
  2 basilisks
  6 chaos spawn
  A golden eye (shapeshifter) (Vaults:2)
  2 steam dragons (Volcano)
  A yaktaur simulacrum (Vaults:1)
  A vampire mosquito (D:15)
  6 wargs
  A soldier ant (D:10)
  A warg (shapeshifter) (Depths:3)
  62 nagas
  18 water moccasins
  An ogre zombie (Vaults:1)
  A soldier ant (shapeshifter) (Depths:3)
  3 floating eyes
  3 acid dragons
  A hell hound (D:14)
  9 small abominations
  A swamp drake (Orc:2)
  8 porcupines
  3 black bears
  6 sky beasts
  An ice beast (shapeshifter) (Vaults:3)
  5 ice beasts
  44 orc warriors
  A phantom (D:6)
  2 necrophages
  36 ogres
  An eye of draining (shapeshifter) (Depths:3)
  29 centaurs
  An elf skeleton (Vaults:4)
  18 wolves
  7 boggarts
  10 crocodiles
  7 big kobolds
  A crocodile (shapeshifter) (Vaults:1)
  An elf simulacrum (Vaults:1)
  19 bullfrogs
  A yaktaur zombie (Vaults:1)
  2 wyvern zombies
  An earth elemental (Elf:1)
  6 scorpions
  5 killer bees (D:13)
  An electric eel (Elf:3)
  3 howler monkeys
  9 wights
  A bullfrog zombie (D:13)
  A crimson imp (Orc:2)
  16 orc priests
  4 hounds
  5 jellies
  6 centaur skeletons
  An iron imp (Orc:2)
  2 gnoll shamans (D:9)
  Jessica (D:3)
  2 iguanas
  49 orc wizards
  8 worker ants
  A hound zombie (D:11)
  3 worker ant zombies
  20 gnolls
  16 adders
  2 shadow imps
  4 white imps
  2 ufetubi
  An ooze (D:5)
  An adder zombie (D:9)
  3 adder skeletons
  5 worms
  2 dart slugs (D:2)
  8 leopard geckos
  111 orcs
  A ball python (Lair:3)
  4 giant cockroaches
  12 goblins
  15 hobgoblins
  2 jackals (D:8)
  40 kobolds
  2 quokkas
  5 bats
  6 frilled lizards
  A quokka skeleton (D:7)
  3 rats
  3 plants
2083 creatures vanquished.

Vanquished Creatures (collateral kills)
  A stone giant (Depths:3)
  2 ugly things (D:11)
  A yaktaur (Depths:3)
4 creatures vanquished.

Vanquished Creatures (others)
  A spriggan defender (Depths:3)
  A spark wasp (Depths:3)
  A guardian serpent (shapeshifter) (Depths:3)
  A water elemental (D:14)
  2 humans (D:12)
  An orc warrior (Depths:1)
  2 ogres
  A hound (D:12)
  2 orc priests (D:12)
  An orc wizard (Depths:1)
  5 orcs
  A bush (Lair:5)
  24 fungi
  2 lurking horrors (Abyss:3)
  27 plants
  5 starspawn tentacles (Abyss:3)
77 creatures vanquished.

Grand Total: 2164 creatures vanquished

Notes
Turn   | Place    | Note
-------+----------+-------------------------------------------
     0 | D:1      | Inarius the Ogre Berserker began the quest for the Orb.
     0 | D:1      | Reached XP level 1. HP: 24/24 MP: 1/1
   122 | D:1      | HP: 1/24 [kobold/cursed -1 whip (6)]
   722 | D:1      | Reached XP level 2. HP: 31/32 MP: 2/2
  1278 | D:2      | Reached XP level 3. HP: 34/39 MP: 3/3
  1699 | D:2      | Found a stormy altar of Qazlal.
  2164 | D:2      | Reached XP level 4. HP: 21/49 MP: 4/4
  2628 | D:2      | Reached ** piety under Trog
  2870 | D:3      | Noticed Jessica
  2878 | D:3      | Found a basalt altar of Yredelemnul.
  2881 | D:3      | Killed Jessica
  3205 | D:3      | Reached XP level 5. HP: 55/55 MP: 5/5
  3657 | D:3      | Found a white marble altar of Elyvilon.
  3855 | D:4      | Reached skill level 5 in Maces & Flails
  4122 | D:4      | Reached skill level 5 in Fighting
  4127 | D:4      | Found a staircase to the Ecumenical Temple.
  4220 | D:4      | Reached XP level 6. HP: 46/66 MP: 6/6
  4364 | D:4      | Reached *** piety under Trog
  5034 | D:5      | Entered Level 5 of the Dungeon
  5699 | D:4      | HP: 3/66 [poisoned by a worker ant]
  6363 | D:5      | Reached XP level 7. HP: 12/74 MP: 7/7
  6686 | D:5      | Reached skill level 6 in Fighting
  6951 | D:5      | Noticed Sigmund
  6959 | D:5      | Killed Sigmund
  7362 | D:5      | Found a basalt altar of Yredelemnul.
  7363 | D:5      | Found a shadowy altar of Dithmenos.
  7436 | D:5      | Reached XP level 8. HP: 71/84 MP: 8/8
  7823 | D:6      | Reached skill level 7 in Fighting
  8525 | D:6      | Reached **** piety under Trog
  8839 | D:6      | You fall into a shaft and drop 3 floors!
  9538 | D:8      | Noticed a wyvern
  9580 | D:8      | Reached XP level 9. HP: 91/96 MP: 9/9
  9592 | D:8      | Reached skill level 8 in Fighting
  9687 | D:8      | Noticed Maggie
  9790 | D:8      | Killed Maggie
  9790 | D:8      | Reached skill level 10 in Maces & Flails
  9993 | D:8      | HP: 1/145 [orc warrior/+0 glaive (13)]
 11576 | D:7      | Reached skill level 9 in Fighting
 11685 | D:7      | Found a hazy altar of Hepliaklqana.
 11686 | D:7      | Found a shimmering altar of Xom.
 11687 | D:7      | Noticed a spectral ugly thing
 11737 | D:7      | Reached skill level 1 in Armour
 12244 | D:7      | Found an iron altar of Okawaru.
 12244 | D:7      | Found a snail-covered altar of Cheibriados.
 12274 | D:7      | Reached XP level 10. HP: 91/106 MP: 10/10
 12902 | D:8      | Reached skill level 1 in Evocations
 12936 | D:8      | Found a staircase to the Lair.
 13659 | D:9      | Noticed Harold
 13674 | D:9      | Killed Harold
 14632 | D:9      | Reached ***** piety under Trog
 14632 | D:9      | Reached skill level 10 in Fighting
 14771 | D:9      | Found a staircase to the Orcish Mines.
 14892 | D:10     | Entered Level 10 of the Dungeon
 14893 | D:10     | Found an iron altar of Okawaru.
 14905 | D:10     | Noticed a two-headed ogre
 14906 | D:10     | a two-headed ogre changed into a dream sheep
 14921 | D:10     | Reached XP level 11. HP: 115/115 MP: 11/11
 15404 | D:10     | Noticed a two-headed ogre
 16019 | D:10     | Killed a two-headed ogre
 16369 | D:10     | Found a runed translucent door.
 16370 | D:10     | Noticed p0werm0de's ghost (novice OpFi)
 16400 | D:11     | Noticed a red ugly thing
 16411 | D:11     | Killed a red ugly thing
 16765 | D:10     | Reached skill level 5 in Armour
 16926 | D:11     | Received a gift from Trog
 16942 | D:11     | Noticed a cyan ugly thing
 16943 | D:11     | Noticed a brown ugly thing
 16997 | D:11     | Killed a cyan ugly thing
 16997 | D:11     | Reached skill level 11 in Fighting
 17002 | D:11     | Killed a cyan ugly thing
 17029 | D:11     | Found a flagged portal.
 17040 | Bailey   | Entered a bailey
 18304 | Bailey   | Reached XP level 12. HP: 104/130 MP: 12/12
 18921 | D:11     | Identified a scroll of acquirement
 18924 | D:11     | Acquired the +0 hat of Zin's Reproof {rC+ Regen+}
 19663 | Lair:1   | Entered Level 1 of the Lair of Beasts
 20192 | Lair:1   | Noticed Sonja
 20741 | Lair:1   | Killed Sonja
 20849 | Lair:1   | Reached skill level 5 in Evocations
 21559 | Lair:2   | Found a staircase to the Shoals.
 22143 | Lair:2   | Reached skill level 1 in Throwing
 22310 | Lair:2   | Received a gift from Trog
 22721 | Lair:3   | Reached XP level 13. HP: 126/139 MP: 13/13
 22926 | Lair:3   | Noticed Urug
 22935 | Lair:3   | Killed Urug
 22935 | Lair:3   | Reached skill level 12 in Fighting
 22960 | Lair:3   | Found a staircase to the Snake Pit.
 23287 | Lair:3   | Reached skill level 15 in Maces & Flails
 23775 | Lair:3   | Noticed Fannar
 23792 | Lair:3   | Killed Fannar
 27204 | Lair:5   | Found a radiant altar of Vehumet.
 27348 | Lair:5   | Reached XP level 14. HP: 150/150 MP: 14/14
 27586 | Lair:6   | Entered Level 6 of the Lair of Beasts
 27724 | Lair:6   | Reached skill level 13 in Fighting
 27882 | Lair:6   | Found a viscous altar of Jiyva.
 27882 | Lair:6   | Found a staircase to the Slime Pits.
 28658 | Lair:6   | Received a gift from Trog
 30389 | Orc:1    | Entered Level 1 of the Orcish Mines
 30390 | Orc:1    | Noticed an orc warlord
 30412 | D:9      | Killed an orc warlord
 31144 | Orc:1    | Found Tececul's Antique Weapon Shop.
 31152 | Orc:1    | Bought the +3 giant club "Skullcrusher" {speed, Str+7} for
                  | 1337 gold pieces
 31152 | Orc:1    | Found the +3 giant club "Skullcrusher" {speed, Str+7}
 31267 | Orc:2    | Entered Level 2 of the Orcish Mines
 31395 | Orc:2    | Found a dark tunnel.
 31408 | Volcano  | Entered a volcano
 31860 | Orc:2    | Reached XP level 15. HP: 140/162 MP: 15/15
 32071 | Orc:2    | Found a staircase to the Elven Halls.
 32176 | Orc:2    | Reached ****** piety under Trog
 32183 | Orc:2    | Found Hiqofob's Magic Scroll Emporium.
 32190 | Orc:2    | Bought a scroll of teleportation for 54 gold pieces
 32190 | Orc:2    | Bought a scroll of teleportation for 54 gold pieces
 32190 | Orc:2    | Bought a scroll of identify for 36 gold pieces
 32190 | Orc:2    | Bought a scroll of magic mapping for 63 gold pieces
 32190 | Orc:2    | Bought a scroll of identify for 36 gold pieces
 32190 | Orc:2    | Bought a scroll of identify for 36 gold pieces
 32196 | Orc:2    | Bought a scroll of blinking for 135 gold pieces
 32196 | Orc:2    | Bought a scroll of blinking for 135 gold pieces
 32239 | Orc:2    | Found a radiant altar of Vehumet.
 32270 | Orc:2    | Found Yciacsiu's Antique Weapon Emporium.
 32293 | Orc:2    | Found an ancient bone altar of Kikubaaqudgha.
 32303 | Orc:2    | Received a gift from Trog
 32341 | Orc:2    | Found Sanaiss's Magic Scroll Emporium.
 32342 | Orc:2    | Found a roughly hewn altar of Beogh.
 32361 | Orc:2    | Found Viaruge's Book Shoppe.
 32927 | Orc:2    | Got a transparent robe
 32973 | Orc:2    | Identified the +2 robe of the Crypt {rPois Str+5 Int+2
                  | Dex-2} (You found it on level 2 of the Orcish Mines)
 33476 | D:10     | Killed p0werm0de's ghost
 33561 | D:12     | Reached skill level 14 in Fighting
 33641 | D:12     | Noticed Jorgrun
 33643 | D:12     | Received a gift from Trog
 33655 | D:12     | Killed Jorgrun
 33666 | D:12     | Noticed Kirke
 33677 | D:12     | Killed Kirke
 34491 | D:13     | Found a gate to the Vaults.
 34813 | D:13     | Found Zapt's Magic Scroll Shop.
 35253 | D:13     | Found Afesear's Jewellery Shoppe.
 35672 | D:13     | Found Vajumeid's Weapon Boutique.
 36017 | D:14     | Received a gift from Trog
 36174 | D:14     | Noticed Nessos
 36190 | D:14     | Killed Nessos
 36190 | D:14     | Reached skill level 15 in Fighting
 36190 | D:14     | Reached XP level 16. HP: 156/176 MP: 16/16
 36277 | D:14     | Noticed Frances
 36291 | D:14     | Killed Frances
 36477 | D:14     | Noticed Azrael
 36479 | D:14     | Found an opulent altar of Gozag.
 36482 | D:14     | Killed Azrael
 37540 | D:15     | Entered Level 15 of the Dungeon
 37684 | D:15     | Found the +4 moon troll leather armour {Spirit, Regen++
                  | MP+5}
 37806 | D:15     | Identified the ring of Gona {Str+8 Int-4 SInv} (You found
                  | it on level 15 of the Dungeon)
 37856 | D:15     | Paralysed by a floating eye for 3 turns
 37885 | D:15     | Received a gift from Trog
 38004 | D:15     | Found a staircase to the Depths.
 38141 | D:15     | Reached skill level 16 in Fighting
 38206 | D:15     | Paralysed by a floating eye for 3 turns
 38380 | D:15     | Found a shimmering blue altar of Sif Muna.
 38435 | D:15     | Got a flickering bone ring
 38436 | D:15     | Identified the ring of the Clam {*Drain rElec AC+4 Int+3
                  | Dex+2} (You found it on level 15 of the Dungeon)
 38471 | D:15     | Found a transporter.
 38494 | D:15     | Found a radiant altar of Vehumet.
 38516 | D:15     | Reached XP level 17. HP: 154/188 MP: 17/17
 38550 | D:15     | Got a smoking silver ring
 38561 | D:15     | Found a transporter.
 38664 | D:15     | Found a stormy altar of Qazlal.
 38719 | D:15     | Identified the ring of Dim Light {MR- rCorr Str+8} (You
                  | found it on level 15 of the Dungeon)
 38965 | Snake:1  | Entered Level 1 of the Snake Pit
 39612 | D:13     | Bought a scroll of acquirement for 676 gold pieces
 39612 | D:13     | Acquired 810 gold pieces
 40213 | Snake:1  | Received a gift from Trog
 40309 | Snake:1  | Reached skill level 17 in Fighting
 40836 | Snake:2  | Found the +7 great mace "Undeadhunter" {disrupt, rN+}
 40899 | Snake:2  | HP: 3/192 [black mamba (13)]
 40913 | Snake:2  | HP: 9/192 [anaconda (3)]
 40916 | Snake:2  | HP: 4/192 [anaconda (2)]
 41311 | Snake:2  | Received a gift from Trog
 41314 | Snake:2  | Got a shimmering giant club {god gift}
 41316 | Snake:2  | Identified the +3 giant club "Xaul" {vorpal, rN+} (Trog
                  | gifted it to you on level 2 of the Snake Pit)
 41644 | Orc:2    | Bought a scroll of teleportation for 39 gold pieces
 41644 | Orc:2    | Bought a scroll of teleportation for 39 gold pieces
 41644 | Orc:2    | Bought 2 scrolls of fear for 91 gold pieces
 41857 | D:13     | Bought a scroll of teleportation for 39 gold pieces
 41857 | D:13     | Bought a scroll of teleportation for 39 gold pieces
 41857 | D:13     | Bought a scroll of enchant armour for 97 gold pieces
 41857 | D:13     | Bought a scroll of enchant armour for 97 gold pieces
 42487 | Snake:3  | Reached skill level 10 in Evocations
 42606 | Snake:3  | Reached skill level 18 in Fighting
 42608 | Snake:3  | Reached XP level 18. HP: 204/204 MP: 18/18
 43121 | Snake:4  | Entered Level 4 of the Snake Pit
 43246 | Shoals:1 | Entered Level 1 of the Shoals
 44422 | Shoals:2 | Received a gift from Trog
 44657 | Shoals:2 | Found a hide-covered altar of Uskayaw.
 45130 | Shoals:2 | Found a gateway to a bazaar.
 45143 | Bazaar   | Entered a bazaar
 45143 | Bazaar   | Found Horuqanant's Gadget Shop.
 45143 | Bazaar   | Found Vecionoh's Antique Armour Shop.
 45143 | Bazaar   | Found Fiezema's Antique Weapon Emporium.
 45175 | Bazaar   | Found Haucroik's Distillery.
 45195 | Bazaar   | Found Weh Faul's General Store.
 45203 | Bazaar   | Bought a scroll of teleportation for 45 gold pieces
 45203 | Bazaar   | Bought a scroll of teleportation for 45 gold pieces
 45215 | Bazaar   | Bought a potion of heal wounds for 60 gold pieces
 45215 | Bazaar   | Bought a potion of heal wounds for 60 gold pieces
 45215 | Bazaar   | Bought a potion of heal wounds for 60 gold pieces
 45215 | Bazaar   | Bought a potion of heal wounds for 60 gold pieces
 45608 | Shoals:3 | Received a gift from Trog
 45732 | Shoals:3 | Reached skill level 19 in Fighting
 45782 | Shoals:4 | Entered Level 4 of the Shoals
 46798 | Shoals:4 | Found Xuol's Book Shoppe.
 46801 | Shoals:4 | Received a gift from Trog
 46960 | Shoals:4 | Reached XP level 19. HP: 159/217 MP: 17/19
 47168 | Shoals:4 | Noticed Polyphemus
 47214 | Shoals:4 | Killed Polyphemus
 47860 | Shoals:4 | Reached skill level 20 in Fighting
 47864 | Shoals:4 | Received a gift from Trog
 48090 | Shoals:4 | Got a barnacled rune of Zot
 48219 | Shoals:4 | Identified Rudwy's Tome of Flight and Stolen Souls
 49007 | Snake:4  | Found Ifyan's Jewellery Emporium.
 49009 | Snake:4  | Found Asiap's Gadget Shop.
 49010 | Snake:4  | Found Muyly's Jewellery Emporium.
 49157 | Snake:4  | Reached skill level 1 in Shields
 49725 | Snake:4  | Received a gift from Trog
 49916 | Snake:4  | Reached XP level 20. HP: 229/231 MP: 15/20
 50144 | Snake:4  | Reached skill level 21 in Fighting
 50157 | Snake:4  | Got a serpentine rune of Zot
 50252 | Snake:4  | Found a bloodstained altar of Trog.
 50842 | Elf:1    | Entered Level 1 of the Elven Halls
 50952 | Elf:1    | Received a gift from Trog
 51905 | Elf:2    | Found a runed translucent gate.
 51905 | Elf:2    | Found a runed translucent gate.
 51905 | Elf:2    | Found a runed translucent gate.
 52091 | Elf:2    | Received a gift from Trog
 52224 | Elf:2    | Reached skill level 5 in Shields
 52440 | Elf:3    | Entered Level 3 of the Elven Halls
 52666 | Vaults:1 | Entered Level 1 of the Vaults
 53016 | Vaults:1 | Reached skill level 22 in Fighting
 53023 | Vaults:1 | Reached skill level 5 in Dodging
 53026 | Vaults:1 | Received a gift from Trog
 53250 | Vaults:1 | Reached XP level 21. HP: 245/245 MP: 21/21
 54547 | Vaults:2 | Received a gift from Trog
 54847 | Vaults:2 | Reached skill level 23 in Fighting
 55895 | Vaults:2 | Received a gift from Trog
 56105 | Vaults:2 | Reached XP level 22. HP: 260/260 MP: 22/22
 56254 | Vaults:3 | You fall into a shaft and drop 1 floor!
 56478 | Vaults:3 | Found a staircase to the Crypt.
 56711 | Vaults:3 | Received a gift from Trog
 56714 | Vaults:3 | Got an ivory dire flail {god gift}
 56717 | Vaults:3 | Identified the +13 dire flail of Excruciating Pain
                  | {antimagic, *Corrode MR+ Str+2} (Trog gifted it to you on
                  | level 3 of the Vaults)
 56932 | Vaults:3 | Noticed a golden dragon
 57283 | Vaults:3 | Reached skill level 24 in Fighting
 57801 | Vaults:3 | Received a gift from Trog
 57882 | Vaults:3 | Killed a golden dragon
 57928 | Vaults:3 | Paralysed by a floating eye for 4 turns
 58360 | Vaults:4 | Found Cucs's Gadget Boutique.
 58609 | Vaults:4 | Identified the +9 scimitar of Waykodd {protect, +Fly}
 58724 | Vaults:4 | Found a hide-covered altar of Uskayaw.
 58763 | Vaults:4 | Received a gift from Trog
 59042 | Vaults:4 | Reached XP level 23. HP: 246/274 MP: 23/23
 59994 | Depths:1 | Entered Level 1 of the Depths
 60008 | D:15     | Received a gift from Trog
 60090 | Depths:1 | Reached skill level 25 in Fighting
 60100 | Depths:1 | Found a gateway to Hell.
 60118 | Depths:1 | Found a magical portal.
 60123 | WizLab   | Entered Wucad Mu's Monastery
 60333 | WizLab   | Found the +9 staff of Wucad Mu {channel}
 60398 | WizLab   | Reached skill level 10 in Shields
 60398 | WizLab   | Reached XP level 24. HP: 253/286 MP: 23/23
 60822 | Depths:1 | Noticed Saint Roka
 60834 | Depths:1 | Killed Saint Roka
 60911 | Depths:1 | Identified the ring "Caoprigh" {rPois rN+} (You found it on
                  | level 1 of the Depths)
 60957 | Depths:1 | Found a one-way gate to the infinite horrors of the Abyss.
 60972 | Depths:1 | Received a gift from Trog
 61122 | Depths:1 | Reached skill level 26 in Fighting
 62053 | Depths:2 | Found a glowing golden altar of the Shining One.
 62235 | Depths:2 | Reached skill level 27 in Fighting
 62286 | Depths:2 | Noticed a juggernaut
 62295 | Depths:2 | Killed a juggernaut
 62301 | Depths:2 | Identified the amulet of the Sturgeon {Acrobat +Blink rC-
                  | MP-9 Str+4 Dex+7}
 62303 | Depths:2 | Reached skill level 10 in Armour
 62314 | Depths:2 | Received a gift from Trog
 62325 | Depths:2 | Reached XP level 25. HP: 190/304 MP: 18/23
 63472 | Depths:3 | Received a gift from Trog
 63641 | Depths:2 | Reached skill level 10 in Dodging
 63685 | Depths:3 | Identified the +6 trident of the Throat {antimagic, rF+
                  | Str+6}
 64724 | Depths:3 | Found a one-way gate leading to the halls of Pandemonium.
 65123 | Depths:3 | Cast into level 3 of the Abyss (spriggan rider)
 65201 | Abyss:3  | Found a shimmering blue altar of Sif Muna.
 65206 | Abyss:3  | Received a gift from Trog
 65845 | Depths:3 | Escaped the Abyss
 66109 | Depths:3 | Reached XP level 26. HP: 314/314 MP: 23/23
 66289 | Depths:3 | Received a gift from Trog
 66794 | Depths:4 | Found a gateway to a ziggurat.
 67226 | Depths:4 | Noticed a juggernaut
 67238 | Depths:4 | Killed a juggernaut
 67270 | Depths:4 | HP: 23/471 [caustic shrike (44)]
 67271 | Depths:4 | HP: 8/471 [caustic shrike (12)]
 67272 | Depths:4 | Mangled by a caustic shrike

Illustrated notes

Levels and vault maps discovered:
D:1:      ebering_hopf_link, layout_loops_corners, minmay_misc_feat_roman,
          hangedman_glass_teeth, serial_bayou_lake_a
D:2:      layout_basic, grunt_qazlal_clouds
D:3:      layout_loops_ring, marbit_many_paths, lemuel_tele_altar, uniq_jessica
D:4:      layout_gridville, minmay_temple_entry_slanted,
          nicolae_underground_beach
D:5:      layout_loops_cross, gammafunk_temple_overflow_statue, uniq_sigmund
D:6:      layout_basic
D:7:      layout_loops_corners, regret_index_temple_of_mockery,
          gammafunk_temple_overflow_wave
D:8:      layout_rooms, david_lair_shrubbed, uniq_maggie
D:9:      layout_roguey, david_orc_4, minmay_misc_feat_diagonals,
          minmay_fractal_squares_gapless_5, uniq_harold
D:10:     layout_big_octagon, basic_altar, gammafunk_ghost_grave
D:11:     layout_irregular_city, gauntlet_entry_generic, enter_bailey_3
D:12:     layout_basic, moated_statue, uniq_kirke, uniq_jorgrun
D:13:     layout_cave_pods, lightli_vaults_fourway_checkpoint, serial_shops,
          shop, shop_coins, shop, hangedman_aviary
D:14:     layout_loops_corners, nicolae_gozag_cash_rules_everything_around_me,
          serial_bayou, serial_bayou_shore_a, serial_bayou_pond_c,
          serial_bayou_lagoon_a, serial_bayou_pond_a, nrook_uturn, uniq_azrael,
          uniq_nessos, uniq_frances
D:15:     hangedman_spin_cycle
Lair:1:   layout_chaotic_city, uniq_sonja
Lair:2:   layout_loops_ring, minmay_shoals_entry_beasts
Lair:3:   layout_misc_corridors, minmay_snake_entry_six_corridors,
          grunt_forest_stairs_clearing, uniq_fannar, uniq_urug
Lair:4:   layout_cave_pods, st_stairs_4, infiniplex_staircase_pool
Lair:5:   layout_roguey, basic_altar, serial_bayou_crossing
Lair:6:   evilmike_catoblepas_cave, layout_loops_ring, slime_altar_1
Shoals:1: layout_shoals, dpeg_stationary_puzzle
Shoals:2: layout_shoals, serial_shops, statue_bzr, regret_index_shoals_crete
Shoals:3: layout_shoals, nicolae_shoals_seven_spires
Shoals:4: shoals_end_simple, layout_shoals, serial_shops,
          nicolae_shop_statue_plus, uniq_polyphemus
Snake:1:  layout_gridlike
Snake:2:  layout_rooms
Snake:3:  layout_gridlike
Snake:4:  grunt_snake_rune_serpentine_throne, layout_gridlike, basic_altar,
          minmay_shop_grove
Orc:1:    layout_caves, serial_shops, nicolae_shop_waterfront
Orc:2:    kennysheep_orc_mage_school, layout_caves,
          lightli_volcano_entry_magma_tube, hangedman_minor_magic
Elf:1:    elf_arrival_001, layout_geoelf_octagon
Elf:2:    layout_geoelf_diagonals, grunt_ministairs_1
Elf:3:    grunt_elf_hall_asides, layout_geoelf_castle, fountainhead
Vaults:1: ontoclasm_vaults_loading_screen, nicolae_vaults_diagonal_hallway_9,
          v_misc_30, vaults_room_fours, nicolae_vaults_theta,
          nicolae_vaults_octagons, vaults_room_octagon, vaults_room_pools,
          ontoclasm_vaults_decontamination, vaults_room_grunt_arrival_ludios,
          nicolae_vaults_big_ls, nicolae_vaults_little_squares_3,
          vaults_room_door_hall, vaults_room_hallway, layout_vaults_ring
Vaults:2: vaults_dpeg_ring, v_pattern_3, v_misc_17,
          nicolae_vaults_network_square, ontoclasm_vaults_ligature,
          v_alt_pattern_5, grunt_vaults_funnel, vaults_dpeg_encased_lava,
          v_misc_2, layout_vaults_quadrants
Vaults:3: grunt_vaults_bifocal, st_greater_box_1, vaults_room_ringed_pool,
          minmay_crypt_entry_simple_statues, vaults_mumra_hexcomb,
          nicolae_vaults_big_angled_halls, hangedman_vaults_trim,
          hangedman_vaults_trim, serial_ice_b, layout_vaults_maze_snakey
Vaults:4: ontoclasm_vaults_pinch, ontoclasm_vaults_bender,
          vaults_mumra_chevron_long, ontoclasm_vaults_idyll,
          ontoclasm_vaults_ring_small, st_star, v_misc_25,
          vaults_room_door_hall, v_misc_22, vaults_room_stairs_pillars,
          v_rooms_2, vaults_room_fours, nicolae_vaults_what_the_h,
          vaults_room_hallway, layout_vaults_omnicross, serial_shops, shop,
          basic_altar
Depths:1: layout_small_grid, hell_entry, infiniplex_enter_wizlab_spiral,
          minmay_room_of_horrors, minmay_fountain_box, kennysheep_potato,
          uniq_saint_roka
Depths:2: minmay_the_grid_triangle_9x9_rhombus_thin
          [minmay_the_grid_triangle_9x9_warning,
          minmay_the_grid_triangle_9x9_prize_schism,
          minmay_the_grid_triangle_9x9_from_above,
          minmay_the_grid_triangle_9x9_zippers_horizontal], layout_cave_pools,
          hell_entry, nicolae_two_hexagons, kennysheep_flooded_box,
          serial_sigils_hangedman_shear, serial_bayou_shore_b
Depths:3: grunt_twisty_corner, layout_gridville, minmay_misc_feat_chi,
          pan_entry, hell_entry, chequers_serial_rivers_micro_b
Depths:4: minmay_split_circle, layout_long_grid, enter_ziggurat_a,
          infiniplex_staircase_pool_2, pf_coc_iceberg, abyss_entry,
          solitary_fountain, kennysheep_small_spiral

Skill      XL: |  1  2  3  4  5  6  7  8  9 10 11 12 13 14 15 16 17 18 19 20 21 22 23 24 25 |
---------------+----------------------------------------------------------------------------+-----
Maces & Flails | 3 4 5 6 7 9 11 12 13 14 16 17 18 19 20 21 22 23 24 | 24.0
Fighting       | 5 6 7 9 10 11 12 13 15 16 18 19 20 22 23 24 25 27 | 27.0
Armour         | 1 4 5 6 7 8 9 10 | 10.6
Evocations     | 2 4 5 6 7 8 9 10 | 10.5
Throwing       | 1 |  1.9
Shields        | 3 5 7 9 10 12 14 | 14.8
Dodging        | 3 5 6 7 9 12 | 12.7

Action                   |  1- 3 |  4- 6 |  7- 9 | 10-12 | 13-15 | 16-18 | 19-21 | 22-24 | 25-27 || total
-------------------------+-------+-------+-------+-------+-------+-------+-------+-------+-------++-------
Melee: Mace              |   100 |   225 |   156 |   491 |       |       |       |       |       ||   972
       Flail             |       |       |   241 |       |       |       |       |       |       ||   241
       Great mace        |       |       |       |   276 |   506 |       |       |    26 |     8 ||   816
       Giant club        |       |       |       |       |   481 |  1311 |  1484 |   875 |   695 ||  4846
       Dire flail        |       |       |       |       |       |       |       |    46 |       ||    46
Throw: Boomerang         |       |     6 |     2 |     3 |       |       |       |       |       ||    11
       Javelin           |       |       |       |       |       |     5 |       |       |       ||     5
Invok: Berserk           |     1 |     3 |     7 |    19 |    17 |    16 |    13 |    14 |     7 ||    97
       Trog's Hand       |       |       |     3 |     1 |     3 |     1 |       |       |       ||     8
Evoke: Wand              |       |     1 |     9 |    42 |     5 |    23 |    19 |       |     4 ||   103
       Box of beasts     |       |       |       |     1 |       |       |     1 |       |       ||     2
  Use: Scroll            |       |       |    12 |    14 |    18 |    26 |     6 |    13 |     6 ||    95
       Potion            |       |       |       |     1 |     1 |     3 |       |     3 |     1 ||     9
 Stab: Sleeping          |       |    12 |     5 |       |       |       |       |       |       ||    17
       Paralysed         |       |       |       |       |     4 |       |       |       |       ||     4
Armor: Animal skin       |    18 |    36 |    52 |       |       |       |       |       |       ||   106
       Swamp dragon scal |       |       |    42 |   405 |   438 |    48 |       |       |       ||   933
       Robe              |       |       |       |       |     4 |       |       |       |       ||     4
       Troll leather arm |       |       |       |       |       |   330 |   310 |   195 |   178 ||  1013
Dodge: Dodged            |    57 |   128 |   176 |   399 |   448 |   689 |   611 |   359 |   361 ||  3228
Block: Other             |       |       |       |       |       |       |       |    47 |   108 ||   155
       Reflection        |       |       |       |       |       |       |       |     3 |     3 ||     6

Table legend: (Time is in decaauts)
 A = Elapsed time spent in this place.
 B = Non-inter-level travel time spent in this place.
 C = Inter-level travel time spent in this place.
 D = Time resting spent in this place.
 E = Time spent auto-exploring this place.
 F = Levels seen in this place.
 G = Mean time per level.
                   A        B        C        D        E       F      G
               +--------+--------+--------+--------+--------+-----+--------+
         Total |  65910 |  61320 |   4590 |  14138 |  32945 |  47 | 1402.3 |
       Dungeon |  24844 |  22342 |   2502 |   6616 |  11811 |  15 | 1656.3 |
          Lair |  11306 |  10739 |    567 |   3050 |   6384 |   6 | 1884.3 |
        Shoals |   5007 |   4654 |    353 |    718 |   2177 |   4 | 1251.8 |
     Snake Pit |   4882 |   4443 |    439 |    840 |   2328 |   4 | 1220.5 |
  Orcish Mines |   2453 |   2201 |    252 |     25 |   1513 |   2 | 1226.5 |
   Elven Halls |   1517 |   1418 |     99 |    172 |    746 |   3 |  505.7 |
        Vaults |   6776 |   6612 |    164 |    542 |   4106 |   4 | 1694.0 |
        Depths |   5749 |   5538 |    211 |   1236 |   2916 |   4 | 1437.2 |
         Abyss |    652 |    652 |      0 |    244 |      0 |   1 |  652.0 |
        Bazaar |    106 |    106 |      0 |      0 |     59 |   1 |  106.0 |
        Bailey |   1918 |   1918 |      0 |    661 |    481 |   1 | 1918.0 |
       Volcano |    307 |    307 |      0 |      0 |    225 |   1 |  307.0 |
        Wizlab |    388 |    388 |      0 |     30 |    196 |   1 |  388.0 |
               +--------+--------+--------+--------+--------+-----+--------+

Top non-repeatable levels by time:
     D:9: 3715 daAuts
  Lair:6: 2509 daAuts
     D:4: 2267 daAuts
  Lair:3: 2194 daAuts
  Lair:2: 1975 daAuts
Vaults:3: 1949 daAuts
     D:8: 1938 daAuts
  Bailey: 1918 daAuts
Depths:3: 1903 daAuts
     D:5: 1897 daAuts
 Snake:4: 1850 daAuts
Depths:2: 1845 daAuts
  Lair:4: 1830 daAuts
    D:13: 1738 daAuts
    D:10: 1725 daAuts
